 Dungeon Crawl Stone Soup version 0.23-a0-451-g1044d4c (webtiles) character file.

200 theanonym the Cudgeler (level 5, 0/41 HPs)
             Began as a Mummy Warper on Nov 23, 2018.
             Killed from afar by Natasha (5 damage)
             ... with a magic dart
             ... on level 3 of the Dungeon.
             The game lasted 00:02:58 (2128 turns).

theanonym the Cudgeler (Mummy Warper)               Turns: 2128, Time: 00:02:59

Health: 0/41       AC: 11    Str: 15    XL:     5   Next: 48%
Magic:  9/9        EV:  4    Int: 12    God:
Gold:   112        SH:  0    Dex: 12    Spells: 9/9 levels left

rFire    x . .     SeeInvis +   o - +0 flail
rCold    + . .     Gourm    .   (no shield)
rNeg     + + +     Faith    .   l - +0 plate armour
rPois    ∞         Spirit   .   (no helmet)
rElec    .         Reflect  .   (no cloak)
rCorr    .         Harm     .   n - +0 pair of gloves
MR       .....                  (no boots)
Stlth    ..........             e - amulet of regeneration
HPRegen  0.53/turn              k - ring of see invisible
MPRegen  0.11/turn              (no ring)

@: no status effects
A: no food or potions, fire vulnerability, cold resistance 1, negative energy
resistance 3, torment resistance, unbreathing
a: no special abilities


Innate Abilities, Weirdness & Mutations

You do not eat or drink.
Your flesh is vulnerable to fire.
You are immune to poison.
Your flesh is cold resistant. (rC+)
You are immune to negative energy. (rN+++)
You are immune to unholy pain and torment.
You can survive without breathing.


   Skills:
 + Level 3.6 Fighting
 * Level 4.0 Maces & Flails
 - Level 0.7 Throwing
 - Level 0.7 Armour
 - Level 1.5 Dodging
 - Level 2.6 Spellcasting
   Level 2.4 Translocations


You had 9 spell levels left.
You didn't know any spells.
Your spell library contained the following spells:

 Spells                   Type           Power        Failure   Level  Hunger
 Blink                    Tloc           N/A          100%        2    N/A
 Shroud of Golubria       Chrm/Tloc      #.........   100%        2    N/A
 Gell's Gravitas          Tloc           #.........   100%        3    N/A
 Lesser Beckoning         Tloc           #.........   100%        3    N/A
 Teleport Other           Tloc           #.......     100%        3    N/A
 Passage of Golubria      Tloc           N/A          100%        4    N/A

Skill      XL: |  1  2  3  4  5 |
---------------+----------------+-----
Maces & Flails | 2 3 4 |  4.0
Fighting       | 3 |  3.6
Throwing       | |  0.7
Armour         | |  0.7
Dodging        | |  1.5
Spellcasting   | |  2.6
Translocations | |  2.4

Action                   |  1- 3 |  4- 6 || total
-------------------------+-------+-------++-------
Melee: Mace              |   148 |    86 ||   234
       Flail             |       |    56 ||    56
Armor: Leather armour    |    34 |       ||    34
       Plate armour      |    74 |   165 ||   239
Dodge: Dodged            |    75 |    39 ||   114

Inventory:

Hand Weapons
 a - a +0 mace
 h - a cursed -1 dagger
   (You found it on level 1 of the Dungeon)
 o - a +0 flail (weapon)
   (You took it off an orc on level 3 of the Dungeon)
Missiles
 d - 5 tomahawks of dispersal (quivered)
Armour
 b - a +0 leather armour
 l - a +0 plate armour (worn)
   (You found it on level 2 of the Dungeon)
 n - a +0 pair of gloves (worn)
   (You found it on level 3 of the Dungeon)
Jewellery
 e - an amulet of regeneration (around neck)
   (You found it on level 1 of the Dungeon)
 k - a ring of see invisible (left hand)
   (You found it on level 2 of the Dungeon)
Scrolls
 c - a scroll of amnesia {unknown}
 f - a scroll of enchant weapon {unknown}
 g - 4 scrolls of identify {unknown}
 i - a scroll of immolation {unknown}
 j - a scroll of remove curse {unknown}
 m - a scroll of teleportation {unknown}
 B - 3 scrolls of blinking


You were on level 3 of the Dungeon.
You were not hungry.

You visited 1 branch of the dungeon, and saw 3 of its levels.

You collected 112 gold pieces.

Dungeon Overview and Level Annotations

Branches:
Dungeon (3/15)

Altars:

Annotations:
D:3 Natasha

.# #.# #.# #.# #.# #.#
#########.######
#.........5....###########
#.#######@5....+..........
#.# ##h....####.######
#.##### #.....# #.# #.
#.....# #.....# #.#####.
#.....# #.....# #.....#.
#.....# #.############.#.
#.....####.# ...# #.#.
#.......##.# ###.###.#.
#.###...##.. #.......#.


You could see Natasha, a crimson imp and a white imp.

Notes
Turn   | Place    | Note
-------+----------+-------------------------------------------
     0 | D:1      | theanonym the Mummy Warper began the quest for the Orb.
     0 | D:1      | Reached XP level 1. HP: 16/16 MP: 4/4
    18 | D:1      | HP: 8/16 [kobold (4)]
    25 | D:1      | HP: 6/16 [giant cockroach (1)]
   187 | D:1      | Reached skill level 2 in Maces & Flails
   305 | D:1      | Reached XP level 2. HP: 22/22 MP: 5/5
   880 | D:2      | Reached XP level 3. HP: 28/28 MP: 7/7
   993 | D:2      | HP: 14/28 [worm (8)]
  1170 | D:2      | Reached skill level 3 in Maces & Flails
  1359 | D:2      | Reached XP level 4. HP: 25/34 MP: 8/8
  1671 | D:3      | Reached skill level 3 in Fighting
  1673 | D:3      | HP: 17/35 [gnoll/+3 spear (4)]
  1740 | D:3      | HP: 15/35 [gnoll/+3 spear (7)]
  1811 | D:3      | Reached XP level 5. HP: 26/41 MP: 9/9
  1948 | D:3      | HP: 17/41 [gnoll (4)]
  1967 | D:3      | HP: 17/41 [gnoll (3)]
  1973 | D:2      | HP: 13/41 [gnoll (4)]
  2083 | D:3      | Reached skill level 4 in Maces & Flails
  2119 | D:3      | Noticed Natasha
  2124 | D:3      | HP: 18/41 [Natasha (7)]
  2127 | D:3      | HP: 4/41 [Natasha/magic dart (7)]
  2128 | D:3      | Killed from afar by Natasha

Vanquished Creatures
  An orc priest (D:3)
  An orc wizard (D:3)
  5 gnolls
  2 adders (D:2)
  2 worms (D:2)
  A dart slug (D:1)
  3 leopard geckos
  7 orcs (D:3)
  8 bats
  4 giant cockroaches (D:1)
  7 hobgoblins
  7 kobolds
  3 frilled lizards
  5 goblins
  6 rats
62 creatures vanquished.

Table legend:
 A = Turns spent in this place as a percentage of turns spent in the entire game.
 B = Non-inter-level travel turns spent in this place as a percentage of non-inter-level travel turns spent in the entire game.
 C = Inter-level travel turns spent in this place as a percentage of turns spent in this place.
 D = Turns resting spent in this place as a percentage of non-inter-level travel turns spent in this place.
 E = Turns spent auto-exploring this place as a percentage of non-inter-level travel turns spent in this place.
 F = Non-inter-level travel turns spent in this place divided by the number of levels of this place that you've seen.
                   A       B       C       D       E      F
               +-------+-------+-------+-------+-------+----------------------
         Total | 100.0 | 100.0 |   3.9 |  16.1 |  56.3 | 681.7
       Dungeon | 100.0 | 100.0 |   3.9 |  16.1 |  56.3 | 681.7
               +-------+-------+-------+-------+-------+----------------------
